 Dungeon Crawl Stone Soup version 0.27.1-33-g824d729ab1 (webtiles) character file.

Game seed: 12015439014598811318

52 djsenpai the Skirmisher (level 3, -5/31 HPs)
             Began as a Ghoul Fighter on Dec 11, 2021.
             Was an Initiate of Makhleb.
             Slain by a killer bee zombie (6 damage)
             ... on level 3 of the Dungeon.
             The game lasted 00:03:07 (2461 turns).

djsenpai the Skirmisher (Ghoul Fighter)             Turns: 2461, Time: 00:03:07

Health: -5/31      AC:  6    Str: 20    XL:     3   Next: 85%
Magic:  2/2        EV:  7    Int:  3    God:    Makhleb [......]
Gold:   47         SH:  9    Dex:  8    Spells: 2/2 levels left

rFire    . . .     SeeInvis .     - Unarmed
rCold    + . .     Faith    .   b - +0 kite shield
rNeg     + + +     Spirit   .   a - +0 scale mail
rPois    ∞         Reflect  .   (no helmet)
rElec    .         Harm     .   (no cloak)
rCorr    .         Rampage  .   (no gloves)
Will     .....                  (no boots)
Stlth    ..........             (no amulet)
HPRegen  0.00/turn              (no ring)
MPRegen  0.08/turn              (no ring)

@: inhibited regen
A: claws 1, cold resistance 1, negative energy resistance 3, inhibited
regeneration, torment resistance 2
a: Renounce Religion


You were on level 3 of the Dungeon.
You worshipped Makhleb.
Makhleb was noncommittal.
You visited 1 branch of the dungeon, and saw 3 of its levels.

You collected 47 gold pieces.

Inventory:

Armour
 a - a +0 scale mail (worn)
 b - a +0 kite shield (worn)
Scrolls
 d - a scroll of immolation {unknown}
 f - 2 scrolls of teleportation {unknown}
 g - 2 scrolls of enchant weapon {unknown}
 h - 2 scrolls of noise {unknown}
 j - a scroll of torment {unknown}
 k - a scroll of holy word {unknown}
 m - a scroll of amnesia {unknown}
Potions
 c - a potion of might
 e - a potion of lignification {unknown}
 i - 3 potions of curing {unknown}
 l - 2 potions of invisibility {unknown}


   Skills:
 + Level 3.4 Fighting
 + Level 3.2 Armour
 + Level 0.5 Dodging
 + Level 3.2 Shields
 + Level 2.7 Unarmed Combat


You had 2 spell levels left.
You didn't know any spells.
Your spell library contained the following spells:

 Spells                   Type           Power      Damage    Failure   Level
 Freeze                   Ice            0%         1d3       100%        1
 Pain                     Necr           0%         1d4       100%        1
 Frozen Ramparts          Ice            0%         1d2       100%        3
 Hailstorm                Conj/Ice       0%         3d3       100%        4
 Agony                    Necr           0%         N/A       100%        5
 Excruciating Wounds      Necr           0%         N/A       100%        5


Dungeon Overview and Level Annotations

Branches:
Dungeon (3/15)

Altars:
Makhleb


Innate Abilities, Weirdness & Mutations

You thrive by killing the living.
You are immune to poison.
You have sharp fingernails.
Your flesh is cold resistant. (rC+)
You are immune to negative energy. (rN+++)
You do not regenerate when monsters are visible.
You are immune to unholy pain and torment.


Message History

You see here a +0 spear.
A killer bee zombie comes into view.
A killer bee zombie is nearby!
Found a scroll labelled PEFYGU GIPPIM.
The killer bee zombie hits you but does no damage.
You closely miss the killer bee zombie. The killer bee zombie hits you.
You block the killer bee zombie's attack.
You completely miss the killer bee zombie.
The killer bee zombie hits you.
You block the killer bee zombie's attack.
You scratch the killer bee zombie.
The killer bee zombie is lightly damaged.
The killer bee zombie hits you. x2
The killer bee zombie barely misses you.
You barely miss the killer bee zombie.
The killer bee zombie is lightly damaged.
You block the killer bee zombie's attack.
The killer bee zombie hits you.
You barely miss the killer bee zombie.
The killer bee zombie is lightly damaged.
The killer bee zombie hits you.
* * * LOW HITPOINT WARNING * * *
The killer bee zombie hits you.
* * * LOW HITPOINT WARNING * * *
You barely miss the killer bee zombie.
The killer bee zombie is lightly damaged.
You block the killer bee zombie's attack. x2
You block the killer bee zombie's attack.
The killer bee zombie hits you.
* * * LOW HITPOINT WARNING * * *
The killer bee zombie closely misses you.
The killer bee zombie hits you but does no damage.
You see here a +0 spear.
You block the killer bee zombie's attack.
The killer bee zombie barely misses you.
You see here a +0 flail.
The killer bee zombie hits you.
* * * LOW HITPOINT WARNING * * *
The killer bee zombie hits you.
You die...

#....# .# .# #
#..#.##.##.#.. #
##..#.........# #
#........##.###
#.......## #...#...#
### ##)##########
###.##.)....<#.
#.>.).Z@....)..
##.#.#..........
#....#..........
#.(###..........
#..###..........
#.............## .#
#.############# .#
#.# .#
#.#################.#


You could see a killer bee zombie.

Vanquished Creatures
  2 adders (D:2)
  A worm (D:2)
  An orc (D:3)
  4 ball pythons
  4 bats
  2 endoplasms (D:1)
  2 giant cockroaches (D:2)
  4 goblins
  3 hobgoblins
  A quokka (D:1)
  3 frilled lizards
  A kobold (D:1)
  A rat (D:1)
  A bush (D:1)
30 creatures vanquished.

Notes
Turn   | Place    | Note
-------+----------+-------------------------------------------
     0 | D:1      | djsenpai the Ghoul Fighter began the quest for the Orb.
     0 | D:1      | Reached XP level 1. HP: 19/19 MP: 0/0
   114 | D:1      | Reached XP level 2. HP: 21/26 MP: 1/1
   513 | D:1      | Found a faded altar of an unknown god.
  1098 | D:2      | Reached XP level 3. HP: 21/31 MP: 2/2
  2381 | D:3      | Found a burning altar of Makhleb.
  2393 | D:3      | Became a worshipper of Makhleb the Destroyer
  2459 | D:3      | HP: 1/31 [killer bee zombie (4)]
  2461 | D:3      | Slain by a killer bee zombie

Illustrated notes

Levels and vault maps discovered:
D:1:      elethiomel_arrival_maze, layout_basic, ebering_ecumenical_altar_hall,
          minmay_strange_pillars, minmay_hedge_maze,
          amcnicky_mini_corridor_feature
D:2:      layout_loops_ring, chequers_arboretum, grunt_ministairs_11
D:3:      layout_loops_cross, nicolae_overflow_hidden_temple, bloody_makhleb

Skill      XL: |  1  2 |
---------------+-------+-----
Shields        | 3 |  3.2
Armour         | 3 |  3.2
Fighting       | |  3.4
Dodging        | |  0.5
Unarmed Combat | |  2.7

Action                   || total
-------------------------++-------
Melee: Unarmed           ||   242
Armor: Scale mail        ||    67
Dodge: Dodged            ||    35
Block: Kite shield       ||    77
